AoeStats
← beeflord

Arabia

507846200Analyzed
1v1 RM · 12d ago on Sep 19, 2026· 37m 1s· 2 players
Game mode
Random Map
Map size
Tiny (2 player)
Population
200
Speed
Normal
Resources
Standard
Victory
Conquest
Starting age
Dark Age
Ending age
Imperial Age
RankedLock teamsTeams togetherTeam positionsShared explorationLock speedFull tech treeHidden civsTurbo modeCheats
Victory
Defeat
🇺🇾 Inca · Uruguay
659
+18
🇺🇸 Ethiopians · United States
694
-18
Sirio
8:12 Loom
11:56 Feudal Age
12:26 Horse Collar
12:32 Double-Bit Axe
15:37 Champi Runner
22:36 Castle Age
22:28 Fletching
25:34 Forging
25:26 Scale Mail Armor
27:42 Bodkin Arrow
28:05 Horse Collar
28:57 Squires
30:31 Champi Warrior
32:02 Padded Archer Armor
33:07 Andean Sling
33:58 Bow Saw
33:56 Heavy Plow
beeflord
11:31 Feudal Age
10:06 Loom
13:26 Double-Bit Axe
14:07 Man-at-Arms
22:48 Castle Age
22:26 Horse Collar
24:21 Double-Bit Axe
26:25 Wheelbarrow
31:36 Town Watch
32:05 Crossbowman
34:25 Gold Mining
Connection lost

Rejoining the realm…

Still unreachable

The connection could not be restored.

Session expired

The server has moved on; the page needs a fresh start.